Blues vs Stars

Created - 26 décembre 2021 at 08:43

Goals
1 2 3 T
Blues 1 1 0 2
Stars 1 3 0 4
Shots
1 2 3 T
Blues 9 8 5 22
Stars 12 12 8 32

GoalsPenalties
1st period
1. Blues , Kailer Yamamoto 1 (Mikael Granlund 13) at 3:21
2. Stars , Elias Pettersson 7 (Andrei Svechnikov 12, Deryk Engelland 7) at 17:49
Connor Murphy (STL) for Holding (Minor) at 0:38
Andrei Svechnikov (DAL) for Slashing (Minor) at 14:20
2nd period
3. Stars , Frans Nielsen 3 (Oskar Lindblom 4, Mikko Koivu 3) at 4:46
4. Stars , Dylan Larkin 9 (Deryk Engelland 8) at 9:45
5. Stars , Alexander Edler 3 (Ryan Suter 10) at 10:14
6. Blues , Mike Hoffman 10 (Mats Zuccarello 7, Connor Murphy 18) at 12:41 (PP)
Andrei Svechnikov (DAL) for Interference (Minor) at 6:52
Tucker Poolman (DAL) for Hooking (Minor) at 12:09
3rd period
No Goal
Deryk Engelland (DAL) for Roughing (Minor) at 9:24
Goalie Stats
Pavel Francouz (STL), 28 saves from 32 shots - (0,875), L, 9-15-1, 60:00 minutes
Jake Oettinger (DAL), 20 saves from 22 shots - (0,909), W, 4-1-0, 60:00 minutes
3 StarsOfficial
1 - Alexander Edler (DAL)
2 - Elias Pettersson (DAL)
3 - Deryk Engelland (DAL)
Referees : Francois StLaurent and Tom Kowal
Linesman : Vaughan Rody and Derek Amell
Game Note
No Game Note
Finance
Level 1 -- Attendance: 3968 (79,36%) -- Ticket Income 396 800 $
Level 2 -- Attendance: 3572 (89,30%) -- Ticket Income 196 460 $
Level 3 -- Attendance: 3000 (100,00%) -- Ticket Income 45 000 $
Level 4 -- Attendance: 4000 (100,00%) -- Ticket Income 40 000 $
Luxury Box -- Attendance: 1000 (100,00%) -- Ticket Income 125 000 $
Game was played at the American Airlines Center.
Total Attendance: 15540 (91,41%)
Total Ticket Income: 803 260 $
Other Income: 393 597 $
Total Income: 1 196 857 $



Team Name Goals Shots Shots Attemp Shots Blocked PIM HIT PP PK FO%
Blues 2224552251 / 4 (25%)050%
Stars 4325858180 / 1 (0%)150%

Blues
Player Name POS G A P +/- PIM HIT SHT SB MP PP MP PP SHT PK MP PK SHT FO% FOT
Adam FoxD000-1030022:423:5801:1800% 0
Alex DeBrincatLW/RW000-1011018:032:3300:0000% 0
Anthony DeAngeloD000-1011019:532:3110:4100% 0
Brendan LemieuxLW/RW000000005:480:0000:0000% 1
Brett KulakD000-2020118:350:0001:1800% 0
Calvin de HaanD000-1031419:532:3100:4100% 0
Colin BlackwellC000000206:250:0000:3700% 1
Connor MurphyD0110270021:313:5800:0000% 0
Evan RodriguesC/LW/RW000-1010014:360:0000:00033% 15
Kailer YamamotoLW/RW101-1013016:190:1200:3700% 0
Mason AppletonC/LW/RW000000205:480:0000:000100% 4
Mats ZuccarelloRW011-1012018:453:0710:0000% 1
Michael Del ZottoD000-1020017:250:0000:0000% 0
Mikael GranlundC/LW/RW011-1000018:373:0700:00054% 26
Mike HoffmanLW/RW101-1006019:223:4410:0000% 0
Ross ColtonC/LW/RW000-1001020:223:2201:22057% 28
Troy TerryRW000-1000014:360:0000:0000% 1
Valeri NichushkinLW/RW000-1033019:203:2211:2200% 1
Stars
Player Name POS G A P +/- PIM HIT SHT SB MP PP MP PP SHT PK MP PK SHT FO% FOT
Alexander EdlerD1011042123:460:4602:5810% 0
Andreas AthanasiouC0000002012:500:0000:00061% 18
Andrei SvechnikovLW/RW0112413017:250:4601:3000% 0
Denis GurianovLW/RW0002014118:500:4602:53050% 6
Deryk EngellandD0222211120:001:1302:1000% 0
Dylan LarkinC1011002016:591:1300:00050% 22
Elias PetterssonC1012005019:330:4603:36042% 19
Frans NielsenC101000407:450:0000:0000% 0
Jason RobertsonLW0000014016:091:1302:0600% 2
Jordan GreenwayLW/RW0001022018:390:0002:531100% 1
Martin NecasC/RW0001000016:591:1300:0000% 1
Mikko KoivuC011001107:450:0000:00057% 7
Oskar LindblomLW/RW011003007:450:0000:0000% 0
Ron HainseyD0000000015:430:0000:5100% 0
Ryan SuterD0111010124:160:4603:2800% 0
Travis HamonicD0002010021:221:1303:3100% 0
Tucker PoolmanD0000210014:510:0000:0000% 0
Warren FoegeleLW/RW0000012112:500:0000:00050% 2

Blues

5 vs 5 Forward
Line #Left WingCenterRight WingPHYDFOFWanted %Time %Time Play
1Kailer YamamotoMikael GranlundAlex DeBrincat1223030%15:30
2Mike HoffmanRoss ColtonMats Zuccarello1223030%15:38
3Valeri NichushkinEvan RodriguesTroy Terry1222728%14:36
4Colin BlackwellMason AppletonBrendan Lemieux1221311%5:48
5 vs 5 Defense
Line #DefenseDefensePHYDFOFWanted %Time %Time Play
1Adam FoxConnor Murphy0323434%17:26
2Calvin de HaanAnthony DeAngelo0233332%16:41
3Michael Del ZottoBrett Kulak0323334%17:25
4Adam FoxConnor Murphy03200%0:00
Power Play Forward
Line #Left WingCenterRight WingPHYDFOFWanted %Time %Time Play
1Mike HoffmanMikael GranlundMats Zuccarello0055048%3:07
2Valeri NichushkinRoss ColtonAlex DeBrincat0055052%3:22
Power Play Defense
Line #DefenseDefensePHYDFOFWanted %Time %Time Play
1Adam FoxConnor Murphy0235061%3:58
2Calvin de HaanAnthony DeAngelo0235039%2:31
Penalty Kill 4 Players Forward
Line #CenterWingPHYDFOFWanted %Time %Time Play
1Colin BlackwellKailer Yamamoto0325031%0:37
2Ross ColtonValeri Nichushkin0325069%1:22
Penalty Kill 4 Players Defense
Line #DefenseDefensePHYDFOFWanted %Time %Time Play
1Adam FoxBrett Kulak0325066%1:18
2Calvin de HaanAnthony DeAngelo0325034%0:41
Penalty Kill 3 Players
Line #WingPHYDFOFWanted %Time %Time PlayDefenseDefensePHYDFOFWanted %Time %Time Play
1Evan Rodrigues041500%0:00 Adam FoxBrett Kulak032500%0:00
2Ross Colton041500%0:00 Calvin de HaanAnthony DeAngelo032500%0:00
4 vs 4 Forward
Line #CenterWingPHYDFOFWanted %Time %Time Play
1Mikael GranlundAlex DeBrincat023500%0:00
2Mason AppletonMike Hoffman023500%0:00
4 vs 4 Defense
Line #DefensePHYDFOFWanted %Time %Time Play
1Adam FoxConnor Murphy032500%0:00
2Calvin de HaanAnthony DeAngelo032500%0:00
Last Minutes Offensive
Left WingCenterRight WingDefenseDefense
Mike HoffmanRoss ColtonAlex DeBrincatAdam FoxAnthony DeAngelo
Last Minutes Defensive
Left WingCenterRight WingDefenseDefense
Evan RodriguesMikael GranlundValeri NichushkinBrett KulakConnor Murphy
Time
Total ForwardTotal DefenseLast Minutes OffensiveLast Minutes Defensive
60:00 60:00 0:000:00
Extra Forwards
Normal PowerPlayPenalty Kill
Kailer Yamamoto, Troy Terry, Valeri NichushkinMike Hoffman, Alex DeBrincatColin Blackwell
Extra Defensemen
Normal PowerPlayPenalty Kill
Michael Del Zotto, Adam Fox, Calvin de HaanMichael Del Zotto, Connor MurphyCalvin de Haan
Penalty Shots
Mike Hoffman, Alex DeBrincat, Valeri Nichushkin, Mikael Granlund, Mats Zuccarello
Goalie
Pavel Francouz, Thomas Greiss
Custom OT Lines Forwards
Mike Hoffman, Alex DeBrincat, Valeri Nichushkin, Mikael Granlund, Mats Zuccarello, Mason Appleton, Colin Blackwell, Kailer Yamamoto, Evan Rodrigues, Troy Terry
Custom OT Lines Defensemen
Adam Fox, Connor Murphy, Calvin de Haan, Anthony DeAngelo, Michael Del Zotto
Scratches
Will Butcher (Healthy), Roman Polak (Healthy), Robert Bortuzzo (Healthy)

Stars

5 vs 5 Forward
Line #Left WingCenterRight WingPHYDFOFWanted %Time %Time Play
1Andrei SvechnikovElias PetterssonDenis Gurianov0053029%15:11
2Jordan GreenwayDylan LarkinMartin Necas0053031%15:46
3Jason RobertsonAndreas AthanasiouWarren Foegele1222425%12:50
4Oskar LindblomMikko KoivuFrans Nielsen1401615%7:45
5 vs 5 Defense
Line #DefenseDefensePHYDFOFWanted %Time %Time Play
1Alexander EdlerRyan Suter1223026%13:35
2Travis HamonicDeryk Engelland1223032%16:38
3Ron HainseyTucker Poolman1222429%14:52
4Alexander EdlerRyan Suter1221613%6:27
Power Play Forward
Line #Left WingCenterRight WingPHYDFOFWanted %Time %Time Play
1Andrei SvechnikovElias PetterssonDenis Gurianov1225039%0:46
2Jason RobertsonDylan LarkinMartin Necas1225061%1:13
Power Play Defense
Line #DefenseDefensePHYDFOFWanted %Time %Time Play
1Alexander EdlerRyan Suter1225039%0:46
2Travis HamonicDeryk Engelland1225061%1:13
Penalty Kill 4 Players Forward
Line #CenterWingPHYDFOFWanted %Time %Time Play
1Elias PetterssonAndrei Svechnikov1225056%3:36
2Denis GurianovJordan Greenway1225044%2:53
Penalty Kill 4 Players Defense
Line #DefenseDefensePHYDFOFWanted %Time %Time Play
1Alexander EdlerRyan Suter1225046%2:58
2Travis HamonicDeryk Engelland1225054%3:31
Penalty Kill 3 Players
Line #WingPHYDFOFWanted %Time %Time PlayDefenseDefensePHYDFOFWanted %Time %Time Play
1Elias Pettersson122500%0:00 Alexander EdlerRyan Suter122500%0:00
2Andrei Svechnikov122500%0:00 Travis HamonicDeryk Engelland122500%0:00
4 vs 4 Forward
Line #CenterWingPHYDFOFWanted %Time %Time Play
1Elias PetterssonAndrei Svechnikov122500%0:00
2Denis GurianovJordan Greenway122500%0:00
4 vs 4 Defense
Line #DefensePHYDFOFWanted %Time %Time Play
1Alexander EdlerRyan Suter122500%0:00
2Travis HamonicDeryk Engelland122500%0:00
Last Minutes Offensive
Left WingCenterRight WingDefenseDefense
Andrei SvechnikovElias PetterssonDenis GurianovAlexander EdlerRyan Suter
Last Minutes Defensive
Left WingCenterRight WingDefenseDefense
Andrei SvechnikovElias PetterssonDenis GurianovAlexander EdlerRyan Suter
Time
Total ForwardTotal DefenseLast Minutes OffensiveLast Minutes Defensive
60:00 60:00 0:000:00
Extra Forwards
Normal PowerPlayPenalty Kill
Andrei Svechnikov, Frans Nielsen, Jason RobertsonElias Pettersson, Frans NielsenJason Robertson
Extra Defensemen
Normal PowerPlayPenalty Kill
Ron Hainsey, Alexander Edler, Travis HamonicRon Hainsey, Ryan SuterTravis Hamonic
Penalty Shots
Elias Pettersson, Andrei Svechnikov, Denis Gurianov, Jordan Greenway, Martin Necas
Goalie
Jake Oettinger, Martin Jones
Custom OT Lines Forwards
Elias Pettersson, Andrei Svechnikov, Denis Gurianov, Jordan Greenway, Martin Necas, Jason Robertson, Andreas Athanasiou, Oskar Lindblom, Mikko Koivu, Frans Nielsen
Custom OT Lines Defensemen
Alexander Edler, Ryan Suter, Travis Hamonic, Deryk Engelland, Ron Hainsey
Scratches
Dominik Simon (Healthy), Brogan Rafferty (Healthy), Scott Harrington (Healthy)


Play-by-Play

1st period


0:01 of 1st period - Elias Pettersson wins face-off versus Mikael Granlund in neutral zone.
0:29 of 1st period - Elias Pettersson is hit by Connor Murphy and loses puck.
0:38 of 1st period - Shot by Elias Pettersson.
0:38 of 1st period - Stopped by Pavel Francouz without a rebound.
0:38 of 1st period - Minor Penalty to Connor Murphy for Holding.
0:39 of 1st period - Ross Colton wins face-off versus Dylan Larkin in Blues zone.
0:52 of 1st period - Shot by Dylan Larkin.
0:52 of 1st period - Shot Misses the Net.
1:07 of 1st period - Travis Hamonic is hit by Adam Fox and loses puck.
1:37 of 1st period - Andrei Svechnikov is hit by Brett Kulak and loses puck.
2:41 of 1st period - Oskar Lindblom is hit by Calvin de Haan and loses puck.
3:00 of 1st period - Ron Hainsey is hit by Calvin de Haan and loses puck.
3:21 of 1st period - Shot by Kailer Yamamoto.
3:21 of 1st period - Goal by Kailer Yamamoto - Blues : 1 - Stars : 0.
3:22 of 1st period - Andreas Athanasiou wins face-off versus Mikael Granlund in neutral zone.
4:39 of 1st period - Icing by Deryk Engelland.
4:40 of 1st period - Evan Rodrigues wins face-off versus Dylan Larkin in Stars zone.
5:42 of 1st period - Shot by Andrei Svechnikov.
5:42 of 1st period - Shot Blocked by Brett Kulak.
5:48 of 1st period - Shot by Denis Gurianov.
5:48 of 1st period - Stopped by Pavel Francouz without a rebound.
5:49 of 1st period - Andreas Athanasiou wins face-off versus Colin Blackwell in Blues zone.
5:52 of 1st period - Shot by Jason Robertson.
5:52 of 1st period - Stopped by Pavel Francouz without a rebound.
5:53 of 1st period - Andreas Athanasiou wins face-off versus Ross Colton in Blues zone.
6:09 of 1st period - Shot by Andreas Athanasiou.
6:09 of 1st period - Stopped by Pavel Francouz without a rebound.
6:10 of 1st period - Dylan Larkin wins face-off versus Mikael Granlund in Blues zone.
7:08 of 1st period - Elias Pettersson is hit by Michael Del Zotto and loses puck.
7:13 of 1st period - Shot by Elias Pettersson.
7:13 of 1st period - Shot Misses the Net.
7:19 of 1st period - Mikael Granlund is hit by Denis Gurianov and loses puck.
7:31 of 1st period - Icing by Andrei Svechnikov.
7:32 of 1st period - Ross Colton wins face-off versus Elias Pettersson in Stars zone.
7:32 of 1st period - Mike Hoffman is hit by Alexander Edler and loses puck.
7:48 of 1st period - Icing by Adam Fox.
7:49 of 1st period - Ross Colton wins face-off versus Andreas Athanasiou in Blues zone.
7:49 of 1st period - Mats Zuccarello is hit by Warren Foegele and loses puck.
8:14 of 1st period - Shot by Mike Hoffman.
8:14 of 1st period - Stopped by Jake Oettinger without a rebound.
8:15 of 1st period - Dylan Larkin wins face-off versus Evan Rodrigues in Stars zone.
8:27 of 1st period - Icing by Calvin de Haan.
8:28 of 1st period - Mikko Koivu wins face-off versus Evan Rodrigues in Blues zone.
8:50 of 1st period - Anthony DeAngelo is hit by Oskar Lindblom and loses puck.
9:07 of 1st period - Shot by Calvin de Haan.
9:07 of 1st period - Stopped by Jake Oettinger without a rebound.
9:08 of 1st period - Ross Colton wins face-off versus Martin Necas in Stars zone.
9:08 of 1st period - Ross Colton is hit by Travis Hamonic.
10:23 of 1st period - Shot by Warren Foegele.
10:23 of 1st period - Stopped by Pavel Francouz without a rebound.
10:24 of 1st period - Elias Pettersson wins face-off versus Evan Rodrigues in Blues zone.
10:37 of 1st period - Shot by Andrei Svechnikov.
10:37 of 1st period - Stopped by Pavel Francouz without a rebound.
10:38 of 1st period - Mikael Granlund wins face-off versus Andreas Athanasiou in Blues zone.
11:04 of 1st period - Shot by Kailer Yamamoto.
11:04 of 1st period - Stopped by Jake Oettinger without a rebound.
11:05 of 1st period - Elias Pettersson wins face-off versus Evan Rodrigues in Stars zone.
11:30 of 1st period - Shot by Denis Gurianov.
11:30 of 1st period - Shot Misses the Net.
11:40 of 1st period - Shot by Troy Terry.
11:40 of 1st period - Shot Misses the Net.
11:42 of 1st period - Shot by Anthony DeAngelo.
11:42 of 1st period - Deflect By Troy Terry.
11:42 of 1st period - Shot Blocked by Alexander Edler.
12:30 of 1st period - Shot by Mats Zuccarello.
12:30 of 1st period - Shot Misses the Net.
13:10 of 1st period - Shot by Mason Appleton.
13:10 of 1st period - Stopped by Jake Oettinger without a rebound.
13:11 of 1st period - Mikko Koivu wins face-off versus Mikael Granlund in Stars zone.
13:28 of 1st period - Frans Nielsen is hit by Alex DeBrincat and loses puck.
14:20 of 1st period - Minor Penalty to Andrei Svechnikov for Slashing.
14:21 of 1st period - Denis Gurianov wins face-off versus Ross Colton in Stars zone.
14:34 of 1st period - Mike Hoffman is hit by Jason Robertson and loses puck.
15:04 of 1st period - Mike Hoffman is hit by Alexander Edler and loses puck.
15:21 of 1st period - Shot by Anthony DeAngelo.
15:21 of 1st period - Stopped by Jake Oettinger without a rebound.
15:22 of 1st period - Mikael Granlund wins face-off versus Denis Gurianov in Stars zone.
15:27 of 1st period - Shot by Mats Zuccarello.
15:27 of 1st period - Shot Misses the Net.
15:43 of 1st period - Shot by Mats Zuccarello.
15:43 of 1st period - Stopped by Jake Oettinger without a rebound.
15:44 of 1st period - Ross Colton wins face-off versus Denis Gurianov in Stars zone.
16:27 of 1st period - Shot by Frans Nielsen.
16:27 of 1st period - Stopped by Pavel Francouz with a rebound.
16:37 of 1st period - Shot by Oskar Lindblom.
16:37 of 1st period - Deflect By Frans Nielsen.
16:37 of 1st period - Stopped by Pavel Francouz with a rebound.
16:39 of 1st period - Shot by Ron Hainsey.
16:39 of 1st period - Deflect By Frans Nielsen.
16:39 of 1st period - Stopped by Pavel Francouz without a rebound.
16:40 of 1st period - Warren Foegele wins face-off versus Mikael Granlund in Blues zone.
16:55 of 1st period - Shot by Andreas Athanasiou.
16:55 of 1st period - Shot Misses the Net.
17:06 of 1st period - Andreas Athanasiou is hit by Brett Kulak and loses puck.
17:36 of 1st period - Elias Pettersson is hit by Michael Del Zotto and loses puck.
17:49 of 1st period - Shot by Elias Pettersson.
17:49 of 1st period - Goal by Elias Pettersson - Blues : 1 - Stars : 1.
17:50 of 1st period - Evan Rodrigues wins face-off versus Dylan Larkin in neutral zone.
18:01 of 1st period - Shot by Valeri Nichushkin.
18:01 of 1st period - Shot Misses the Net.
18:28 of 1st period - Icing by Troy Terry.
18:29 of 1st period - Elias Pettersson wins face-off versus Evan Rodrigues in Blues zone.
18:49 of 1st period - Elias Pettersson is hit by Connor Murphy and loses puck.
18:55 of 1st period - Shot by Elias Pettersson.
18:55 of 1st period - Stopped by Pavel Francouz with a rebound.
19:12 of 1st period - Shot by Andrei Svechnikov.
19:12 of 1st period - Shot Misses the Net.
19:14 of 1st period - Shot by Deryk Engelland.
19:14 of 1st period - Shot Misses the Net.
19:24 of 1st period - Shot by Andreas Athanasiou.
19:24 of 1st period - Stopped by Pavel Francouz without a rebound.
19:25 of 1st period - Dylan Larkin wins face-off versus Mats Zuccarello in Blues zone.
19:44 of 1st period - Shot by Mike Hoffman.
19:44 of 1st period - Stopped by Jake Oettinger without a rebound.
19:45 of 1st period - Mason Appleton wins face-off versus Andreas Athanasiou in Stars zone.
19:50 of 1st period - Shot by Colin Blackwell.
19:50 of 1st period - Shot Blocked by Warren Foegele.
19:52 of 1st period - Shot by Michael Del Zotto.
19:52 of 1st period - Shot Misses the Net.
19:54 of 1st period - Shot by Mason Appleton.
19:54 of 1st period - Stopped by Jake Oettinger without a rebound.
19:55 of 1st period - Ross Colton wins face-off versus Dylan Larkin in Stars zone.
Goals for this period are 1 for Blues vs 1 for Stars.
Shots for this period are 9 for Blues vs 12 for Stars.

2nd period


0:01 of 2nd period - Dylan Larkin wins face-off versus Ross Colton in neutral zone.
0:10 of 2nd period - Shot by Dylan Larkin.
0:10 of 2nd period - Shot Blocked by Calvin de Haan.
0:43 of 2nd period - Shot by Dylan Larkin.
0:43 of 2nd period - Shot Misses the Net.
0:45 of 2nd period - Shot by Ryan Suter.
0:45 of 2nd period - Shot Misses the Net.
1:07 of 2nd period - Deryk Engelland is hit by Valeri Nichushkin and loses puck.
2:08 of 2nd period - Off-side.
2:09 of 2nd period - Mikael Granlund wins face-off versus Jason Robertson in neutral zone.
2:14 of 2nd period - Shot by Kailer Yamamoto.
2:14 of 2nd period - Stopped by Jake Oettinger without a rebound.
2:15 of 2nd period - Mikael Granlund wins face-off versus Andreas Athanasiou in Stars zone.
2:25 of 2nd period - Icing by Alexander Edler.
2:26 of 2nd period - Ross Colton wins face-off versus Andreas Athanasiou in Stars zone.
2:27 of 2nd period - Shot by Mike Hoffman.
2:27 of 2nd period - Stopped by Jake Oettinger without a rebound.
2:28 of 2nd period - Ross Colton wins face-off versus Warren Foegele in Stars zone.
2:52 of 2nd period - Shot by Anthony DeAngelo.
2:52 of 2nd period - Shot Misses the Net.
2:55 of 2nd period - Icing by Ryan Suter.
2:56 of 2nd period - Andreas Athanasiou wins face-off versus Mikael Granlund in Stars zone.
2:56 of 2nd period - Andreas Athanasiou is hit by Kailer Yamamoto.
3:05 of 2nd period - Alex DeBrincat is hit by Alexander Edler and loses puck.
3:11 of 2nd period - Icing by Andreas Athanasiou.
3:12 of 2nd period - Andreas Athanasiou wins face-off versus Brendan Lemieux in Stars zone.
3:49 of 2nd period - Shot by Colin Blackwell.
3:49 of 2nd period - Stopped by Jake Oettinger without a rebound.
3:50 of 2nd period - Dylan Larkin wins face-off versus Ross Colton in Stars zone.
3:52 of 2nd period - Icing by Jordan Greenway.
3:53 of 2nd period - Dylan Larkin wins face-off versus Ross Colton in Stars zone.
4:30 of 2nd period - Shot by Martin Necas.
4:30 of 2nd period - Shot Misses the Net.
4:32 of 2nd period - Shot by Deryk Engelland.
4:32 of 2nd period - Stopped by Pavel Francouz without a rebound.
4:33 of 2nd period - Mikko Koivu wins face-off versus Evan Rodrigues in Blues zone.
4:34 of 2nd period - Shot by Oskar Lindblom.
4:34 of 2nd period - Shot Blocked by Calvin de Haan.
4:46 of 2nd period - Shot by Oskar Lindblom.
4:46 of 2nd period - Deflect By Frans Nielsen.
4:46 of 2nd period - The goal is going for a video replay.
4:46 of 2nd period - The goal is good.
4:46 of 2nd period - Goal by Frans Nielsen - Blues : 1 - Stars : 2.
4:47 of 2nd period - Mikael Granlund wins face-off versus Elias Pettersson in neutral zone.
4:56 of 2nd period - Shot by Denis Gurianov.
4:56 of 2nd period - Stopped by Pavel Francouz without a rebound.
4:57 of 2nd period - Evan Rodrigues wins face-off versus Mikko Koivu in Blues zone.
4:57 of 2nd period - Evan Rodrigues is hit by Oskar Lindblom.
5:23 of 2nd period - Shot by Troy Terry.
5:23 of 2nd period - Shot Misses the Net.
5:41 of 2nd period - Shot by Oskar Lindblom.
5:41 of 2nd period - Shot Misses the Net.
6:01 of 2nd period - Shot by Elias Pettersson.
6:01 of 2nd period - Shot Blocked by Calvin de Haan.
6:16 of 2nd period - Elias Pettersson is hit by Connor Murphy and loses puck.
6:21 of 2nd period - Shot by Denis Gurianov.
6:21 of 2nd period - Stopped by Pavel Francouz without a rebound.
6:22 of 2nd period - Dylan Larkin wins face-off versus Mikael Granlund in Blues zone.
6:37 of 2nd period - Shot by Martin Necas.
6:37 of 2nd period - Shot Misses the Net.
6:43 of 2nd period - Shot by Dylan Larkin.
6:43 of 2nd period - Stopped by Pavel Francouz without a rebound.
6:44 of 2nd period - Andreas Athanasiou wins face-off versus Ross Colton in Blues zone.
6:47 of 2nd period - Shot by Warren Foegele.
6:47 of 2nd period - Stopped by Pavel Francouz without a rebound.
6:48 of 2nd period - Ross Colton wins face-off versus Elias Pettersson in Blues zone.
6:52 of 2nd period - Minor Penalty to Andrei Svechnikov for Interference.
6:53 of 2nd period - Mikael Granlund wins face-off versus Denis Gurianov in Stars zone.
8:31 of 2nd period - Shot by Alex DeBrincat.
8:31 of 2nd period - Shot Misses the Net.
8:33 of 2nd period - Shot by Valeri Nichushkin.
8:33 of 2nd period - Stopped by Jake Oettinger without a rebound.
8:34 of 2nd period - Denis Gurianov wins face-off versus Ross Colton in Stars zone.
8:51 of 2nd period - Shot by Calvin de Haan.
8:51 of 2nd period - Shot Blocked by Deryk Engelland.
9:11 of 2nd period - Colin Blackwell is hit by Tucker Poolman.
9:21 of 2nd period - Shot by Colin Blackwell.
9:21 of 2nd period - Stopped by Jake Oettinger without a rebound.
9:22 of 2nd period - Mikael Granlund wins face-off versus Dylan Larkin in Stars zone.
9:45 of 2nd period - Shot by Dylan Larkin.
9:45 of 2nd period - Goal by Dylan Larkin - Blues : 1 - Stars : 3.
9:46 of 2nd period - Ross Colton wins face-off versus Elias Pettersson in neutral zone.
9:49 of 2nd period - Shot by Mats Zuccarello.
9:49 of 2nd period - Shot Misses the Net.
10:14 of 2nd period - Shot by Alexander Edler.
10:14 of 2nd period - Goal by Alexander Edler - Blues : 1 - Stars : 4.
10:15 of 2nd period - Dylan Larkin wins face-off versus Evan Rodrigues in neutral zone.
10:21 of 2nd period - Off-side.
10:22 of 2nd period - Dylan Larkin wins face-off versus Evan Rodrigues in neutral zone.
10:24 of 2nd period - Martin Necas is hit by Anthony DeAngelo and loses puck.
10:47 of 2nd period - Shot by Jordan Greenway.
10:47 of 2nd period - Stopped by Pavel Francouz with a rebound.
11:31 of 2nd period - Off-side.
11:32 of 2nd period - Ross Colton wins face-off versus Andreas Athanasiou in neutral zone.
12:09 of 2nd period - Minor Penalty to Tucker Poolman for Hooking.
12:10 of 2nd period - Elias Pettersson wins face-off versus Mikael Granlund in Stars zone.
12:10 of 2nd period - Elias Pettersson is hit by Mats Zuccarello.
12:17 of 2nd period - Icing by Mike Hoffman.
12:18 of 2nd period - Elias Pettersson wins face-off versus Mikael Granlund in Blues zone.
12:29 of 2nd period - Adam Fox is hit by Andrei Svechnikov and loses puck.
12:41 of 2nd period - Shot by Mats Zuccarello.
12:41 of 2nd period - Deflect By Mike Hoffman.
12:41 of 2nd period - Goal by Mike Hoffman - Blues : 2 - Stars : 4.
12:42 of 2nd period - Mason Appleton wins face-off versus Andreas Athanasiou in neutral zone.
13:00 of 2nd period - Mason Appleton is hit by Deryk Engelland and loses puck.
13:18 of 2nd period - Off-side.
13:19 of 2nd period - Mikael Granlund wins face-off versus Elias Pettersson in neutral zone.
13:24 of 2nd period - Icing by Alexander Edler.
13:25 of 2nd period - Mikael Granlund wins face-off versus Elias Pettersson in Stars zone.
13:28 of 2nd period - Shot by Alex DeBrincat.
13:28 of 2nd period - Shot Blocked by Ryan Suter.
13:42 of 2nd period - Shot by Elias Pettersson.
13:42 of 2nd period - Shot Misses the Net.
13:44 of 2nd period - Shot by Andrei Svechnikov.
13:44 of 2nd period - Stopped by Pavel Francouz with a rebound.
14:48 of 2nd period - Off-side.
14:49 of 2nd period - Andreas Athanasiou wins face-off versus Evan Rodrigues in neutral zone.
14:49 of 2nd period - Jason Robertson is hit by Valeri Nichushkin and loses puck.
15:14 of 2nd period - Icing by Deryk Engelland.
15:15 of 2nd period - Ross Colton wins face-off versus Jason Robertson in Stars zone.
15:32 of 2nd period - Shot by Jason Robertson.
15:32 of 2nd period - Stopped by Pavel Francouz without a rebound.
15:33 of 2nd period - Mikael Granlund wins face-off versus Elias Pettersson in Blues zone.
16:18 of 2nd period - Shot by Elias Pettersson.
16:18 of 2nd period - Stopped by Pavel Francouz without a rebound.
16:19 of 2nd period - Dylan Larkin wins face-off versus Ross Colton in Blues zone.
16:50 of 2nd period - Shot by Mike Hoffman.
16:50 of 2nd period - Shot Misses the Net.
17:00 of 2nd period - Shot by Ross Colton.
17:00 of 2nd period - Shot Misses the Net.
17:02 of 2nd period - Shot by Ross Colton.
17:02 of 2nd period - Stopped by Jake Oettinger with a rebound.
17:46 of 2nd period - Shot by Valeri Nichushkin.
17:46 of 2nd period - Stopped by Jake Oettinger with a rebound.
18:23 of 2nd period - Shot by Andrei Svechnikov.
18:23 of 2nd period - Shot Misses the Net.
18:53 of 2nd period - Shot by Elias Pettersson.
18:53 of 2nd period - Shot Misses the Net.
19:30 of 2nd period - Andreas Athanasiou is hit by Connor Murphy and loses puck.
19:47 of 2nd period - Andreas Athanasiou is hit by Adam Fox and loses puck.
19:51 of 2nd period - Icing by Connor Murphy.
19:52 of 2nd period - Dylan Larkin wins face-off versus Ross Colton in Blues zone.
19:54 of 2nd period - Martin Necas is hit by Connor Murphy and loses puck.
Goals for this period are 1 for Blues vs 3 for Stars.
Shots for this period are 8 for Blues vs 12 for Stars.

3rd period


0:01 of 3rd period - Ross Colton wins face-off versus Dylan Larkin in neutral zone.
0:50 of 3rd period - Off-side.
0:51 of 3rd period - Elias Pettersson wins face-off versus Mikael Granlund in neutral zone.
1:10 of 3rd period - Shot by Denis Gurianov.
1:10 of 3rd period - Stopped by Pavel Francouz with a rebound.
1:12 of 3rd period - Shot by Travis Hamonic.
1:12 of 3rd period - Shot Hit the Post.
1:18 of 3rd period - Shot by Elias Pettersson.
1:18 of 3rd period - Stopped by Pavel Francouz with a rebound.
3:05 of 3rd period - Off-side.
3:06 of 3rd period - Mason Appleton wins face-off versus Mikko Koivu in neutral zone.
3:08 of 3rd period - Off-side.
3:09 of 3rd period - Mason Appleton wins face-off versus Elias Pettersson in neutral zone.
3:24 of 3rd period - Shot by Mason Appleton.
3:24 of 3rd period - Shot Misses the Net.
3:32 of 3rd period - Shot by Elias Pettersson.
3:32 of 3rd period - Shot Misses the Net.
3:40 of 3rd period - Shot by Elias Pettersson.
3:40 of 3rd period - Deflect By Andrei Svechnikov.
3:40 of 3rd period - Shot Misses the Net.
3:42 of 3rd period - Shot by Andrei Svechnikov.
3:42 of 3rd period - Stopped by Pavel Francouz with a rebound.
4:16 of 3rd period - Shot by Mike Hoffman.
4:16 of 3rd period - Stopped by Jake Oettinger with a rebound.
5:17 of 3rd period - Alex DeBrincat is hit by Mikko Koivu and loses puck.
6:20 of 3rd period - Ron Hainsey is hit by Valeri Nichushkin and loses puck.
6:45 of 3rd period - Shot by Warren Foegele.
6:45 of 3rd period - Deflect By Andreas Athanasiou.
6:45 of 3rd period - Shot Hit the Post.
6:57 of 3rd period - Ryan Suter is hit by Evan Rodrigues and loses puck.
7:10 of 3rd period - Shot by Jason Robertson.
7:10 of 3rd period - Stopped by Pavel Francouz without a rebound.
7:11 of 3rd period - Ross Colton wins face-off versus Mikko Koivu in Blues zone.
7:11 of 3rd period - Ross Colton is hit by Oskar Lindblom.
7:19 of 3rd period - Shot by Mikko Koivu.
7:19 of 3rd period - Stopped by Pavel Francouz without a rebound.
7:20 of 3rd period - Mikko Koivu wins face-off versus Ross Colton in Blues zone.
8:36 of 3rd period - Icing by Kailer Yamamoto.
8:37 of 3rd period - Mikael Granlund wins face-off versus Dylan Larkin in Blues zone.
8:37 of 3rd period - Mikael Granlund is hit by Jordan Greenway.
9:07 of 3rd period - Off-side.
9:08 of 3rd period - Andreas Athanasiou wins face-off versus Troy Terry in neutral zone.
9:21 of 3rd period - Shot by Andreas Athanasiou.
9:21 of 3rd period - Shot Misses the Net.
9:24 of 3rd period - Minor Penalty to Deryk Engelland for Roughing.
9:25 of 3rd period - Denis Gurianov wins face-off versus Mikael Granlund in Stars zone.
9:40 of 3rd period - Shot by Ryan Suter.
9:40 of 3rd period - Shot Misses the Net.
9:50 of 3rd period - Shot by Adam Fox.
9:50 of 3rd period - Shot Blocked by Denis Gurianov.
9:52 of 3rd period - Shot by Adam Fox.
9:52 of 3rd period - Shot Misses the Net.
10:05 of 3rd period - Off-side.
10:06 of 3rd period - Elias Pettersson wins face-off versus Ross Colton in neutral zone.
10:15 of 3rd period - Shot by Calvin de Haan.
10:15 of 3rd period - Shot Misses the Net.
10:35 of 3rd period - Shot by Anthony DeAngelo.
10:35 of 3rd period - Shot Misses the Net.
10:52 of 3rd period - Icing by Alex DeBrincat.
10:53 of 3rd period - Jordan Greenway wins face-off versus Valeri Nichushkin in Blues zone.
10:56 of 3rd period - Shot by Jordan Greenway.
10:56 of 3rd period - Stopped by Pavel Francouz with a rebound.
11:00 of 3rd period - Shot by Denis Gurianov.
11:00 of 3rd period - Shot Misses the Net.
11:02 of 3rd period - Shot by Alexander Edler.
11:02 of 3rd period - Shot Blocked by Calvin de Haan.
11:04 of 3rd period - Shot by Alexander Edler.
11:04 of 3rd period - Stopped by Pavel Francouz without a rebound.
11:05 of 3rd period - Mikael Granlund wins face-off versus Elias Pettersson in Blues zone.
11:11 of 3rd period - Shot by Adam Fox.
11:11 of 3rd period - Shot Misses the Net.
12:39 of 3rd period - Icing by Kailer Yamamoto.
12:40 of 3rd period - Mikael Granlund wins face-off versus Dylan Larkin in Blues zone.
12:40 of 3rd period - Mikael Granlund is hit by Jordan Greenway.
12:49 of 3rd period - Icing by Deryk Engelland.
12:50 of 3rd period - Ross Colton wins face-off versus Dylan Larkin in Stars zone.
13:07 of 3rd period - Shot by Mike Hoffman.
13:07 of 3rd period - Deflect By Mats Zuccarello.
13:07 of 3rd period - Stopped by Jake Oettinger without a rebound.
13:08 of 3rd period - Evan Rodrigues wins face-off versus Elias Pettersson in Stars zone.
14:12 of 3rd period - Martin Necas is hit by Calvin de Haan and loses puck.
14:18 of 3rd period - Icing by Calvin de Haan.
14:19 of 3rd period - Andreas Athanasiou wins face-off versus Ross Colton in Blues zone.
14:34 of 3rd period - Shot by Mike Hoffman.
14:34 of 3rd period - Stopped by Jake Oettinger without a rebound.
14:35 of 3rd period - Mikael Granlund wins face-off versus Dylan Larkin in Stars zone.
14:35 of 3rd period - Michael Del Zotto is hit by Alexander Edler and loses puck.
14:44 of 3rd period - Shot by Alex DeBrincat.
14:44 of 3rd period - Shot Misses the Net.
14:55 of 3rd period - Shot by Alex DeBrincat.
14:55 of 3rd period - Stopped by Jake Oettinger with a rebound.
15:06 of 3rd period - Mikael Granlund is hit by Ryan Suter and loses puck.
16:14 of 3rd period - Icing by Travis Hamonic.
16:15 of 3rd period - Evan Rodrigues wins face-off versus Elias Pettersson in Stars zone.
16:40 of 3rd period - Shot by Valeri Nichushkin.
16:40 of 3rd period - Stopped by Jake Oettinger with a rebound.
17:04 of 3rd period - Icing by Ron Hainsey.
17:05 of 3rd period - Andreas Athanasiou wins face-off versus Mikael Granlund in Stars zone.
17:31 of 3rd period - Shot by Kailer Yamamoto.
17:31 of 3rd period - Shot Misses the Net.
17:53 of 3rd period - Off-side.
17:54 of 3rd period - Ross Colton wins face-off versus Dylan Larkin in neutral zone.
19:20 of 3rd period - Icing by Adam Fox.
19:21 of 3rd period - Andreas Athanasiou wins face-off versus Evan Rodrigues in Blues zone.
19:21 of 3rd period - Andreas Athanasiou is hit by Connor Murphy.
19:24 of 3rd period - Jason Robertson is hit by Connor Murphy and loses puck.
19:36 of 3rd period - Jason Robertson is hit by Adam Fox and loses puck.
19:45 of 3rd period - Shot by Jason Robertson.
19:45 of 3rd period - Stopped by Pavel Francouz with a rebound.
Goals for this period are 0 for Blues vs 0 for Stars.
Shots for this period are 5 for Blues vs 8 for Stars.